 Dungeon Crawl Stone Soup version 0.31-a0-1227-g0136665373 (webtiles) character file.

Game seed: 17548584786677420907

61 Anonymone the Stinger (level 3, 0/24 HPs)
             Began as a Demonspawn Venom Mage on Dec 15, 2023.
             Slain by an orc
             ... wielding a +0 trident
              (6 damage)
             ... on level 3 of the Dungeon.
             The game lasted 00:04:19 (2440 turns).

Anonymone the Stinger (Demonspawn Venom Mage)       Turns: 2440, Time: 00:04:20

Health: 0/24       AC:  2    Str:  8    XL:     3   Next: 83%
Magic:  0/7        EV: 12    Int: 19    God:
Gold:   56         SH:  0    Dex: 13    Spells: 5/8 levels left

rFire   . . .        e - +2 hand axe (pain)
rCold   . . .        (no shield)
rNeg    . . .        a - +0 robe
rPois   +            (no helmet)
rElec   .            (no cloak)
rCorr   .            (no gloves)
SInv    .            (no boots)
Will    .....        (no amulet)
Stlth   ++           n - ring of poison resistance
HPRegen 0.24/turn    (no ring)
MPRegen 0.10/turn

%: no passive effects
@: no status effects
A: big brain 1
a: no special abilities


You were on level 3 of the Dungeon.
You visited 1 branch of the dungeon, and saw 3 of its levels.

You collected 56 gold pieces.

Inventory:

Hand Weapons
 e - a +2 hand axe of pain (weapon)
Armour
 a - a +0 robe (worn)
Jewellery
 n - a ring of poison resistance (left hand)
Scrolls
 h - a scroll of vulnerability {unknown}
 j - a scroll of torment {unknown}
 l - 2 scrolls of identify
Potions
 b - a potion of magic
 c - a potion of lignification
 d - a potion of brilliance {unknown}
 f - 3 potions of curing
 g - 2 potions of attraction
 i - 3 potions of degeneration
 k - a potion of mutation {unknown}
 m - 3 potions of invisibility {unknown}


   Skills:
 - Level 1.7 Dodging
 - Level 1.7 Stealth
 + Level 3.1 Spellcasting
 - Level 0.8 Transmutations
 + Level 4.0 Poison Magic


You had 5 spell levels left.
You knew the following spells:

 Your Spells              Type           Power      Damage    Failure   Level
a - Sting                 Tmut/Pois      48%        1d5       5%          1
b - Poisonous Vapours     Pois/Air       20%        N/A       10%         2

Your spell library contained the following spells:

 Spells                   Type           Power      Damage    Failure   Level
 Kiss of Death            Conj/Necr      8%         2d6       16%         1
 Lesser Beckoning         Tloc           4%         N/A       22%         2
 Mephitic Cloud           Conj/Pois/Air  8%         N/A       26%         3
 Olgreb's Toxic Radiance  Pois           18%        N/A       28%         4
 Confusing Touch          Hex            2%         N/A       41%         3
 Gell's Gravitas          Tloc           2%         N/A       41%         3
 Teleport Other           Tloc           2%         N/A       41%         3
 Dispel Undead            Necr           2%         3d7       83%         4


Dungeon Overview and Level Annotations

Branches:
Dungeon (3/15)

Altars:
Fedhas


Innate Abilities, Weirdness & Mutations

You have an unusually large brain. (Int +2)


Message History

Aiming: Poisonous Vapours (safe; 10% risk of failure)
Press: ? - help, Dir - move target, f - orc
Aim: an orc, wielding a +0 trident and wearing a +0 ring mail Poisonous vapours surround the orc!
The orc is poisoned.
The hobgoblin shouts!
The orc shouts! x3
An orc comes into view. It is wielding a +0 hand axe.
Casting: Poisonous Vapours (safe; 10% risk of failure)
Confirm with . or Enter, or press ? or * to list all spells.
Aiming: Poisonous Vapours (safe; 10% risk of failure)
Press: ? - help, Dir - move target, f - orc, p - orc
Aim: an orc, wielding a +0 hand axe and wearing a +0 leather armour Poisonous vapours surround the orc!
The orc is poisoned.
You start resting.
You feel a bit more experienced.
You start resting.
An orc is nearby!
Casting: Poisonous Vapours (safe; 10% risk of failure)
Confirm with . or Enter, or press ? or * to list all spells.
Aiming: Poisonous Vapours (safe; 10% risk of failure)
Press: ? - help, Dir - move target, f - orc
Aim: an orc, wielding a +0 flail Poisonous vapours surround the orc!
The orc is poisoned.
The sting misses the orc.
The orc hits you with a +0 flail!
The sting hits the orc.
The orc looks even sicker.
The orc is heavily wounded.
The orc hits you with a +0 flail.
You barely miss the orc.
The orc is severely wounded.
The orc closely misses you. The orc hits you with a +0 flail.
You slash the orc!
You kill the orc!
You are out of magic!
You hit the orc.
The orc is moderately wounded.
The orc hits you with a +0 flail!
* * * LOW HITPOINT WARNING * * *
The orc closely misses you. The orc attacks as it pursues you!
The orc hits you from afar with a +0 trident.
You die...

#.......# #.###
#######.######_#
#...###..###
###..#.#...#
#.##..#..#
#..##..#.#
#.####.)##
######.###.#..#
#.......#.@.#.#
#.####..#.#...#
##.###o#o##
#....##.##
......###..o#
###### #'###


#oo #... #go.. You could see an orc.

Vanquished Creatures
  2 adders
  2 dart slugs
  3 orcs (D:3)
  2 endoplasms (D:1)
  A giant cockroach (D:1)
  5 goblins
  4 hobgoblins
  3 kobolds
  A quokka (D:1)
  A ball python (D:2)
  3 bats
  6 frilled lizards (D:1)
  3 rats
36 creatures vanquished.

Notes
Turn   | Place    | Note
-------+----------+-------------------------------------------
     0 | D:1      | Anonymone the Demonspawn Venom Mage began the quest for the
                  | Orb.
     0 | D:1      | Reached XP level 1. HP: 13/13 MP: 3/3
   176 | D:1      | Found a faded altar of an unknown god.
   416 | D:1      | Gained mutation: You have an unusually large brain. (Int
                  | +2) [demonic ancestry]
   416 | D:1      | Reached XP level 2. HP: 19/19 MP: 1/5
  1130 | D:2      | Learned a level 2 spell: Poisonous Vapours
  1632 | D:2      | Reached XP level 3. HP: 24/24 MP: 4/7
  2394 | D:3      | Reached skill level 4 in Poison Magic
  2413 | D:3      | Found a blossoming altar of Fedhas.
  2440 | D:3      | Slain by an orc

Illustrated notes

Levels and vault maps discovered:
D:1:      giann_wishing_wells, layout_basic,
          shapermc_ecumenical_altar_mp_urbaneastern, minmay_lizard_king
D:2:      layout_loops_ring, serial_bayou, serial_bayou_pond_d,
          serial_bayou_crossing, serial_bayou_lagoon_a, serial_bayou_ford_a
D:3:      layout_loops_corners, vehumet_statue, marbit_many_paths,
          serial_aquarium, aquarium_bridge_square [aquarium_subvault_window,
          aquarium_subvault_bridge, aquarium_subvault_wall,
          aquarium_subvault_bridge], aquarium_window_1,
          aquarium_window_corridor_1, aquarium_window_1, aquarium_view_2c,
          aquarium_view_2d, aquarium_balcony_1b, grunt_decor_mini_mirrors,
          grunt_decor_cap

Skill      XL: |  1  2  3 |
---------------+----------+-----
Spellcasting   | 3 |  3.1
Poison Magic   | 4 |  4.0
Dodging        | |  1.7
Stealth        | |  1.7
Transmutations | |  0.8

Action                     || total
---------------------------++-------
  Melee: Unarmed           ||     3
         Hand axe          ||    17
         Punch             ||     1
   Cast: Sting             ||    62
         Poisonous Vapours ||     6
    Use: Scroll            ||     4
 Armour: Robe              ||    22
  Dodge: Dodged            ||    24

Table legend: (Time is in decaauts)
 A = Elapsed time spent in this place.
 B = Non-inter-level travel time spent in this place.
 C = Inter-level travel time spent in this place.
 D = Time resting spent in this place.
 E = Time spent auto-exploring this place.
 F = Levels seen in this place.
 G = Mean time per level.
                   A        B        C        D        E       F      G
               +--------+--------+--------+--------+--------+-----+--------+
         Total |   2459 |   2373 |     86 |     30 |   2080 |   3 |  819.7 |
       Dungeon |   2459 |   2373 |     86 |     30 |   2080 |   3 |  819.7 |
               +--------+--------+--------+--------+--------+-----+--------+

Top non-repeatable levels by time:
     D:1: 1123 daAuts
     D:2: 991 daAuts
     D:3: 344 daAuts
